 Dungeon Crawl Stone Soup version 0.30-a0-748-ge6a52f7cba (webtiles) character file.

Game seed: 15761867873252887604

91 Newt the Trooper (level 4, -2/37 HPs)
             Began as a Demonspawn Gladiator on Feb 8, 2023.
             Slain by a gnoll
             ... wielding a +0 halberd
              (13 damage)
             ... on level 3 of the Dungeon.
             The game lasted 00:01:43 (1872 turns).

Newt the Trooper (Demonspawn Gladiator)             Turns: 1872, Time: 00:01:43

Health: -2/37      AC:  4    Str: 16    XL:     4   Next: 34%
Magic:  4/4        EV: 12    Int: 11    God:
Gold:   82         SH:  0    Dex: 15    Spells: 3/3 levels left

rFire   . . .      SeeInvis .    e - +2 flail (venom)
rCold   . . .      Faith    .    (no shield)
rNeg    . . .      Spirit   .    b - +0 leather armour
rPois   .          Reflect  .    c - +0 helmet
rElec   .          Harm     .    (no cloak)
rCorr   .          Rampage  .    (no gloves)
Will    .....                    (no boots)
Stlth   +                        j - amulet of magic regeneration
HPRegen 0.26/turn                (no ring)
MPRegen 0.49/turn                (no ring)

@: no status effects
A: powered by pain 1, big brain 1
a: no special abilities


You were on level 3 of the Dungeon.
You visited 1 branch of the dungeon, and saw 3 of its levels.

You collected 82 gold pieces.

Inventory:

Hand Weapons
 a - a +0 rapier
 e - a +2 flail of venom (weapon)
Missiles
 d - 2 throwing nets (quivered)
Armour
 b - a +0 leather armour (worn)
 c - a +0 helmet (worn)
Jewellery
 j - an amulet of magic regeneration (around neck)
Scrolls
 g - 2 scrolls of blinking
 h - a scroll of fog
Potions
 f - a potion of flight
 k - a potion of might
 l - a potion of magic {unknown}


   Skills:
 - Level 4.0 Fighting
 + Level 3.5 Short Blades
 - Level 1.7 Throwing
 - Level 2.6 Dodging


You had 3 spell levels left.
You didn't know any spells.
Your spell library contained the following spells:

 Spells                   Type           Power      Damage    Failure   Level
 Apportation              Tloc           0%         N/A       41%         1
 Alistair's Intoxication  Tmut/Pois      0%         N/A       100%        5


Dungeon Overview and Level Annotations

Branches:
Dungeon (3/15)

Altars:
Xom

Shops:
D:1 =


Innate Abilities, Weirdness & Mutations

You sometimes gain a little power by taking damage.
You have an unusually large brain. (Int +2)


Message History

The gnoll hits you with a +0 spear.
You closely miss the gnoll.
The gnoll is moderately wounded.
A goblin comes into view. It is wielding a +0 dagger.
You barely miss the gnoll.
The frilled lizard hisses.
The gnoll barely misses you.
e - a +2 flail of venom The gnoll barely misses you.
The gnoll hits you with a +0 flail!
Your +2 flail of venom begins to drip with poison!
e - a +2 flail of venom (weapon)
The goblin shouts!
The gnoll barely misses you. The gnoll closely misses you.
You hit the gnoll.
The gnoll is lightly wounded.
The gnoll barely misses you.
The gnoll hits you from afar with a +0 spear.
You hit the gnoll.
The gnoll is poisoned.
The gnoll is heavily wounded.
The gnoll hits you from afar with a +0 spear!
The gnoll barely misses you.
You hit the gnoll.
You kill the gnoll!
The gnoll closely misses you.
The gnoll hits you from afar with a +0 spear.
There is an open door here.
Throw: 3 throwing nets
Press: ? - help, Q - select action Shift-Dir - straight line, f - gnoll
Aim: a gnoll, wielding a +0 spear (lightly wounded, 64% to hit)
You throw a throwing net. The throwing net hits the gnoll.
The gnoll is caught in the net!
The gnoll is lightly wounded.
The gnoll struggles against the net.
The gnoll hits you from afar with a +0 halberd.
* * * LOW HITPOINT WARNING * * *
The gnoll struggles against the net.
You sock the gnoll!
You kill the gnoll!
The gnoll hits you from afar with a +0 halberd!
You die...

.#.# #l. #..## #.# #...#
#g# #..## ##+## #g# .###
##...## #.###.#.# ##
##.....## #.......# .##
##.......## ##.###.###
..####.†.......####...##.##
.....'.†.......'@)gg.......
..####.........####...##.##
<## ##.......## ##.....# ##
##..[..## #..#### ##...##
#.... ##'## #(#### #.# .#
#.# .# # #.#


You could see a gnoll and a goblin.

Vanquished Creatures
  2 adders (D:2)
  3 gnolls (D:3)
  2 dart slugs
  5 endoplasms
  4 giant cockroaches
  5 goblins
  5 hobgoblins
  4 jackals (D:2)
  A ball python (D:2)
  3 bats
  2 frilled lizards
  7 kobolds
  2 rats
45 creatures vanquished.

Notes
Turn   | Place    | Note
-------+----------+-------------------------------------------
     0 | D:1      | Newt the Demonspawn Gladiator began the quest for the Orb.
     0 | D:1      | Reached XP level 1. HP: 16/16 MP: 1/1
   209 | D:1      | Gained mutation: You have an unusually large brain. (Int
                  | +2) [demonic ancestry]
   209 | D:1      | Reached XP level 2. HP: 23/23 MP: 2/2
   380 | D:1      | Found a faded altar of an unknown god.
   380 | D:1      | Noticed a hell beast
   409 | D:1      | Reached skill level 3 in Fighting
   576 | D:1      | Found Qiella's Jewellery Emporium.
   961 | D:2      | Reached XP level 3. HP: 15/30 MP: 3/3
  1332 | D:2      | Reached skill level 4 in Fighting
  1726 | D:3      | Gained mutation: You sometimes gain a little power by
                  | taking damage. [demonic ancestry]
  1726 | D:3      | Reached XP level 4. HP: 34/37 MP: 4/4
  1780 | D:3      | Found a shimmering altar of Xom.
  1872 | D:3      | Slain by a gnoll

Illustrated notes

Levels and vault maps discovered:
D:1:      mainiacjoe_arrival_reflecting_pool, layout_basic,
          dreamdust_ecumenical_altar_sealed_demon, serial_shops, shop_statue
D:2:      layout_basic
D:3:      layout_loops_corners, mainiacjoe_overflow_catwalk, fedhas_altar_2

Skill      XL: |  1  2  3 |
---------------+----------+-----
Fighting       | 3 4 |  4.0
Short Blades   | 3 |  3.5
Throwing       | |  1.7
Dodging        | |  2.6

Action                     |  1- 3 |  4- 6 || total
---------------------------+-------+-------++-------
  Melee: Rapier            |   163 |    18 ||   181
         Punch             |     2 |       ||     2
         Flail             |       |     4 ||     4
  Throw: Javelin           |       |     1 ||     1
         Throwing net      |       |     1 ||     1
    Use: Scroll            |     4 |     1 ||     5
   Stab: Sleeping          |     2 |       ||     2
 Armour: Leather armour    |    59 |     7 ||    66
  Dodge: Dodged            |   122 |    19 ||   141

Table legend: (Time is in decaauts)
 A = Elapsed time spent in this place.
 B = Non-inter-level travel time spent in this place.
 C = Inter-level travel time spent in this place.
 D = Time resting spent in this place.
 E = Time spent auto-exploring this place.
 F = Levels seen in this place.
 G = Mean time per level.
                   A        B        C        D        E       F      G
               +--------+--------+--------+--------+--------+-----+--------+
         Total |   1883 |   1844 |     39 |     14 |   1473 |   3 |  627.7 |
       Dungeon |   1883 |   1844 |     39 |     14 |   1473 |   3 |  627.7 |
               +--------+--------+--------+--------+--------+-----+--------+

Top non-repeatable levels by time:
     D:2: 1038 daAuts
     D:1: 693 daAuts
     D:3: 150 daAuts
